 Dungeon Crawl Stone Soup version 0.31-a0-971-g75a2e9a4b4 (webtiles) character file.

Game seed: 4128202729040696332

17 timneilson the Changeling (level 2, 0/16 HPs)
             Began as a Deep Elf Shapeshifter on Oct 28, 2023.
             Succumbed to a kobold's poison
             ... on level 1 of the Dungeon.
             The game lasted 00:01:42 (282 turns).

timneilson the Changeling (Deep Elf Shapeshifter)    Turns: 282, Time: 00:01:43

Health: 0/16       AC:  2    Str: 11    XL:     2   Next: 44%
Magic:  5/5        EV: 12    Int: 14    God:
Gold:   20         SH:  0    Dex: 14    Spells: 2/2 levels left

rFire   . .          .
                       - Unarmed
rCold   . . .        (no shield)
rNeg    . . .        a - +0 animal skin
rPois   .            (helmet currently unavailable)
rElec   .            (cloak currently unavailable)
rCorr   .            (gloves currently unavailable)
SInv    .            (boots currently unavailable)
Will    .....        (no amulet)
Stlth   +            (no ring)
HPRegen 0.22/turn    (no ring)
MPRegen 0.09/turn

%: no passive effects
@: lethally poisoned (0 -> -11), beast-form
A: beast (slay +2)
a: Begin Untransformation


You were on level 1 of the Dungeon.
You were a hulking beast.
You visited 1 branch of the dungeon, and saw 1 of its levels.

You collected 20 gold pieces.

Inventory:

Armour
 a - a +0 animal skin (worn)
 g - a +0 pair of boots
Talismans
 c - a beast talisman
 d - a flux talisman
Potions
 b - a potion of lignification
 e - a potion of curing {unknown}
 f - a potion of cancellation {unknown}


   Skills:
 * Level 1.2 Fighting
 + Level 0.2 Armour
 + Level 2.5 Dodging
 + Level 2.4 Unarmed Combat
 + Level 0.6 Spellcasting
 * Level 3.6 Shapeshifting


You had 2 spell levels left.
You didn't know any spells.
Your spell library was empty.

Dungeon Overview and Level Annotations

Branches:
Dungeon (1/15)

Altars:


Message History

The bat closely misses you. The rat misses you.
You punch the rat!
You kill the rat!
The bat hits you. The bat barely misses you. x2
You barely miss the bat. The bat closely misses you. The bat misses you.
You miss the bat. The bat closely misses you. The bat hits you.
The bat hits you but does no damage.
You miss the bat. The bat closely misses you. The bat hits you.
You barely miss the bat. The bat hits you.
You hit the bat.
You kill the bat!
Magic restored.
A frilled lizard comes into view.
The frilled lizard hisses angrily.
Found a mace.
You see here 3 gold pieces.
You now have 20 gold pieces (gained 3).
You hit the frilled lizard.
You kill the frilled lizard!
Found 5 javelins.
A kobold comes into view.
It is wielding a +1 short sword of venom.
Found a stone staircase leading down.
The kobold shouts!
You see here 5 javelins.
The kobold hits you with a +1 short sword of venom.
You are poisoned.
You barely miss the kobold.
You feel sick.
You barely miss the kobold.
You feel sick.
The kobold hits you with a +1 short sword of venom.
You are lethally poisoned!
You barely miss the kobold.
You feel very sick.
The kobold hits you with a +1 short sword of venom.
* * * LOW HITPOINT WARNING * * *
You hit the kobold.
The kobold is severely wounded.
You die...

..
.........#
.
.........#
.........#
.........#
.........#
.#......)#
#.......#
#.....(.#
#.....h.#
#.....K.#
#.>.....#
#########


You could see a kobold.

Vanquished Creatures
  2 dart slugs (D:1)
  2 goblins (D:1)
  A ball python (D:1)
  5 bats (D:1)
  3 frilled lizards (D:1)
  A kobold (D:1)
  2 rats (D:1)
16 creatures vanquished.

Notes
Turn   | Place    | Note
-------+----------+-------------------------------------------
     0 | D:1      | timneilson the Deep Elf Shapeshifter began the quest for
                  | the Orb.
     0 | D:1      | Reached XP level 1. HP: 11/11 MP: 3/3
    50 | D:1      | Reached skill level 1 in Fighting
   179 | D:1      | Reached XP level 2. HP: 16/16 MP: 4/4
   282 | D:1      | Succumbed to a kobold's poison

Illustrated notes

Levels and vault maps discovered:
D:1:      dpeg_arrival_round_c, layout_rooms

Skill      XL: |  1 |
---------------+----+-----
Fighting       | 1 |  1.2
Armour         | |  0.2
Dodging        | |  2.5
Unarmed Combat | |  2.4
Spellcasting   | |  0.6
Shapeshifting  | |  3.6

Action                     || total
---------------------------++-------
  Melee: Unarmed           ||    42
         Punch             ||     1
 Armour: Animal skin       ||    23
  Dodge: Dodged            ||    40

Table legend: (Time is in decaauts)
 A = Elapsed time spent in this place.
 B = Non-inter-level travel time spent in this place.
 C = Inter-level travel time spent in this place.
 D = Time resting spent in this place.
 E = Time spent auto-exploring this place.
 F = Levels seen in this place.
 G = Mean time per level.
                   A        B        C        D        E       F      G
               +--------+--------+--------+--------+--------+-----+--------+
         Total |    279 |    279 |      0 |      0 |     94 |   1 |  279.0 |
       Dungeon |    279 |    279 |      0 |      0 |     94 |   1 |  279.0 |
               +--------+--------+--------+--------+--------+-----+--------+

Top non-repeatable levels by time:
     D:1: 279 daAuts
